 Dungeon Crawl Stone Soup version 0.22.0-75-g3901e79 (webtiles) character file.

10969 maniek23 the Spear-Bearer (level 11, -5/101 HPs)
             Began as a Minotaur Fighter on Sept 15, 2018.
             Was a High Priest of Okawaru.
             Slain by a great orb of eyes (11 damage)
             ... while paralysed by a great orb of eyes
             ... on level 10 of the Dungeon.
             The game lasted 00:37:02 (9952 turns).

maniek23 the Spear-Bearer (Minotaur Fighter)        Turns: 9952, Time: 00:37:02

Health: -5/101     AC: 18    Str: 23    XL:     11   Next: 43%
Magic:  12/12      EV:  2    Int: 13    God:    Okawaru [*****.]
Gold:   392        SH:  0    Dex: 14    Spells: 10/10 levels left

rFire    . . .     SeeInvis .   F - +1 trident of Wisdom {pierce, rN+ Dex+3}
rCold    + . .     Gourm    .   N - +1 shield {rC+}
rNeg     + . .     Faith    .   y - +0 chain mail
rPois    .         Spirit   .   K - +2 hat
rElec    .         Reflect  .   t - +0 cloak
rCorr    .         Harm     .   g - +0 pair of gloves
MR       .....                  x - +0 pair of boots
Stlth    ..........             (no amulet)
HPRegen  0.26/turn              Q - ring "Soheihas" {AC+1 Int+3}
MPRegen  0.13/turn              H - ring of stealth

@: confused, paralysed, brilliant
A: retaliatory headbutt, horns 2
a: Heroism, Finesse, Renounce Religion


You were on level 10 of the Dungeon.
You worshipped Okawaru.
Okawaru was extremely pleased with you.
You were not hungry.

You visited 2 branches of the dungeon, and saw 11 of its levels.
You also visited: Ossuary.

You collected 630 gold pieces.
You spent 238 gold pieces at shops.

Inventory:

Hand Weapons
 a - a +1 trident
 F - the +1 trident of Wisdom (weapon) {pierce, rN+ Dex+3}
   (You bought it in a shop on level 6 of the Dungeon)

   It inflicts extra damage upon your enemies.
   It affects your dexterity (+3).
   It protects you from negative energy.
Missiles
 j - 5 throwing nets
 s - 7 tomahawks of returning (quivered)
Armour
 b - a +0 scale mail
 c - a +1 shield
 e - a +0 hat
 g - a +0 pair of gloves (worn)
 t - a +0 cloak (worn)
 x - a +0 pair of boots (worn)
 y - a +0 chain mail (worn)
 K - a +2 hat (worn)
 N - a +1 shield of cold resistance (worn)
Jewellery
 B - a +4 ring of intelligence
 H - a ring of stealth (right hand)
 Q - the ring "Soheihas" (left hand) {AC+1 Int+3}
   (You found it on level 9 of the Dungeon)

   [ring of protection]

   It affects your AC (+1).
   It affects your intelligence (+3).
Wands
 p - a wand of disintegration (11)
 v - a wand of random effects (66)
 E - a wand of flame (97)
 G - a wand of paralysis (10)
Scrolls
 h - 3 scrolls of fear
 i - 6 scrolls of remove curse
 o - 3 scrolls of enchant armour
 q - a scroll of amnesia
 u - a scroll of enchant weapon
 z - a scroll of identify
 C - a scroll of magic mapping
 D - 3 scrolls of teleportation
 I - a scroll of immolation
 O - a scroll of vulnerability {unknown}
Potions
 d - a potion of agility {unknown}
 l - a potion of ambrosia
 m - 2 potions of cancellation {unknown}
 r - 5 potions of curing
 w - a potion of brilliance
 A - 2 potions of resistance {unknown}
 J - a potion of invisibility {unknown}
 L - a potion of flight {unknown}
 M - a potion of magic {unknown}
Miscellaneous
 R - a fan of gales
Comestibles
 f - 23 rations


   Skills:
 * Level 10.7 Fighting
 + Level 11.7 Polearms
 + Level 2.1 Throwing
 + Level 9.3 Armour
 * Level 8.3 Dodging
 + Level 8.3 Shields
 * Level 3.1 Invocations


You had 10 spell levels left.
You didn't know any spells.
Your spell library contained the following spells:

 Spells                   Type           Power        Failure   Level  Hunger
 Magic Dart               Conj           #...         38%         1    ##.....
 Summon Small Mammal      Summ           #...         38%         1    ##.....
 Call Imp                 Summ           #.......     50%         2    ###....
 Call Canine Familiar     Summ           #.......     71%         3    ####...
 Summon Guardian Golem    Hex/Summ       #.......     71%         3    ####...
 Summon Ice Beast         Ice/Summ       #.......     96%         4    #####..
 Summon Lightning Spire   Summ/Air       #.......     96%         4    #####..
 Malign Gateway           Summ/Tloc      #.........   100%        7    #######
 Monstrous Menagerie      Summ           #.........   100%        7    #######
 Summon Greater Demon     Summ           #.........   100%        7    #######
 Summon Horrible Things   Summ           #.........   100%        8    #######


Dungeon Overview and Level Annotations

Branches:
Dungeon (10/15)            Temple (1/1) D:7            Lair (0/6) D:8
    Orc (0/2) D:9

Altars:
Ashenzari
Cheibriados
Dithmenos
Elyvilon
Fedhas
Gozag
Hepliaklqana
Kikubaaqudgha
Makhleb
Nemelex Xobeh
Okawaru
Qazlal
Ru
Sif Muna
Trog
Uskayaw
Vehumet
Wu Jian
Xom
Yredelemnul
Zin
The Shining One

Shops:
D:6 (

Annotations:
D:9 1 runed door


Innate Abilities, Weirdness & Mutations

You reflexively headbutt those who attack you in melee.
You have a pair of horns on your head.


Message History

* * * LOW HITPOINT WARNING * * *
You see here an arrow.
You bump into the rock wall.
The great orb of eyes pulsates ominously.
The great orb of eyes barely misses you.
The howler monkey hoots and howls with incredible vigour!
The great orb of eyes bites you but does no damage.
You bump into the rock wall.
The great orb of eyes barely misses you.
The great orb of eyes completely misses you.
It was a potion of brilliance.
You feel clever all of a sudden.
The great orb of eyes bites you but does no damage.
The great orb of eyes gazes at you.
You suddenly lose the ability to move!
The great orb of eyes bites you!
* * * LOW HITPOINT WARNING * * *
The great orb of eyes bites you but does no damage.
The great orb of eyes bites you!
You die...

..... # ...##.# #
......# ...
#####......# #...#
#[..........
......###...#8..8#..
........h..##....#
###...##G.## .....#
.......@Gc# $$$$##
#############C# #####
..............'⌠ ...
..............#.._.._.
######.#####.#⌠....
######.# ..# ....
#..)#÷<# ..# ####
#..÷'[.# .... #..)#..#
...#


You could see 2 great orbs of eyes, a centaur warrior, a cyclops and a howler
monkey.

Vanquished Creatures
  Gastronok (D:8)
  Harold (D:10)
  A centaur warrior (D:9)
  2 two-headed ogres
  A cyclops (D:9)
  6 yaks (D:9)
  A vampire (D:9)
  Grum (D:10)
  The ghost of lifenoodles the Shield-Bearer, an amateur HOFi of Okawaru (D:3)
  A wraith (D:10)
  A vampire mosquito (D:9)
  An acid dragon (D:9)
  2 porcupines (D:8)
  A black bear (D:8)
  5 orc warriors
  A sky beast (D:9)
  5 ice beasts
  5 phantoms
  6 ogres
  A centaur (D:7)
  4 wolves (D:10)
  An elf zombie (Ossuary)
  5 bullfrogs
  A big kobold (D:7)
  4 scorpions
  4 wights
  2 howler monkeys
  A jelly (D:8)
  A bullfrog zombie (D:9)
  A crimson imp (D:8)
  A quasit (D:8)
  A bullfrog skeleton (D:7)
  A hound (D:4)
  Crazy Yiuf (D:7)
  8 orc priests
  A centaur skeleton (D:9)
  A human zombie (Ossuary)
  11 orc wizards
  Jessica (D:2)
  An iguana (D:4)
  3 worker ants
  A big kobold zombie (Ossuary)
  5 hound skeletons
  4 mummies (Ossuary)
  A worker ant zombie (D:7)
  A howler monkey zombie (D:8)
  7 adders
  A howler monkey skeleton (D:5)
  A shadow imp (D:6)
  An ooze (D:1)
  An adder zombie (D:5)
  2 adder skeletons
  3 worms
  A dart slug (D:1)
  3 leopard geckos
  34 orcs
  7 giant cockroaches
  4 gnoll zombies
  2 goblins
  8 hobgoblins
  14 jackals
  9 kobolds
  3 quokkas
  4 bats
  6 frilled lizards
  A hobgoblin zombie (Ossuary)
  A leopard gecko zombie (D:7)
  3 orc zombies (Ossuary)
  2 quokka skeletons (D:5)
  A quokka zombie (D:5)
  7 rats
  3 rat zombies (Ossuary)
239 creatures vanquished.

Vanquished Creatures (others)
  10 fungi (D:8)
  A plant (D:8)
11 creatures vanquished.

Grand Total: 250 creatures vanquished

Notes
Turn   | Place    | Note
-------+----------+-------------------------------------------
     0 | D:1      | maniek23 the Minotaur Fighter began the quest for the Orb.
     0 | D:1      | Reached XP level 1. HP: 19/19 MP: 0/0
   179 | D:1      | Reached XP level 2. HP: 23/27 MP: 1/1
   394 | D:1      | Reached XP level 3. HP: 31/33 MP: 2/2
   418 | D:1      | Reached skill level 1 in Dodging
   623 | D:2      | Found a shimmering altar of Xom.
   674 | D:2      | Found an opulent altar of Gozag.
   713 | D:2      | Reached skill level 3 in Polearms
   898 | D:2      | Reached XP level 4. HP: 37/41 MP: 3/3
  1112 | D:2      | Found a hide-covered altar of Uskayaw.
  1274 | D:2      | Noticed Jessica
  1285 | D:2      | Killed Jessica
  1438 | D:2      | Found a basalt altar of Yredelemnul.
  1839 | D:3      | Found a burning altar of Makhleb.
  1983 | D:3      | Found a sparkling altar of Nemelex Xobeh.
  2000 | D:3      | Reached XP level 5. HP: 47/47 MP: 4/4
  2080 | D:3      | Found a runed gate.
  2082 | D:3      | Found a runed gate.
  2084 | D:3      | Found a runed gate.
  2085 | D:3      | Noticed lifenoodles's ghost (amateur HOFi)
  2099 | D:3      | Killed lifenoodles's ghost
  2099 | D:3      | Reached skill level 5 in Fighting
  2099 | D:3      | Reached skill level 4 in Polearms
  2099 | D:3      | Reached XP level 6. HP: 28/56 MP: 5/5
  2756 | D:4      | HP: 2/56 [orc priest/divine providence (11)]
  2781 | D:3      | Reached skill level 5 in Polearms
  2784 | D:3      | Reached skill level 5 in Armour
  2909 | D:4      | Found an ancient bone altar of Kikubaaqudgha.
  2909 | D:4      | Found a deep blue altar of Sif Muna.
  2911 | D:4      | Found a radiant altar of Vehumet.
  2924 | D:4      | Identified Vehumet's Incunabulum of Blows and Bruises
  3009 | D:4      | Reached XP level 7. HP: 50/62 MP: 6/6
  3102 | D:4      | Found a snail-covered altar of Cheibriados.
  3412 | D:5      | Entered Level 5 of the Dungeon
  3439 | D:5      | Found a sand-covered staircase.
  3467 | Ossuary  | Entered an ossuary
  3539 | Ossuary  | Reached skill level 5 in Shields
  3547 | Ossuary  | HP: 3/63 [mummy (14)]
  3550 | Ossuary  | Reached skill level 6 in Polearms
  4253 | D:5      | Reached XP level 8. HP: 61/71 MP: 7/7
  4360 | D:5      | Found an iron altar of Okawaru.
  4366 | D:5      | Became a worshipper of Warmaster Okawaru
  4552 | D:5      | Reached skill level 7 in Polearms
  4610 | D:5      | Reached * piety under Okawaru
  5134 | D:6      | Found Jykkov's Antique Weapon Boutique.
  5139 | D:6      | Bought an ichor-stained trident for 238 gold pieces
  5139 | D:6      | Identified the cursed +1 trident of Wisdom {pierce, rN+
                  | Dex+3} (You bought it in a shop on level 6 of the Dungeon)
  5334 | D:6      | Reached skill level 5 in Dodging
  5357 | D:6      | Reached skill level 1 in Throwing
  5636 | D:7      | Noticed a two-headed ogre
  5643 | D:7      | Killed a two-headed ogre
  5643 | D:7      | Reached ** piety under Okawaru
  5643 | D:7      | Reached skill level 8 in Polearms
  5643 | D:7      | Reached XP level 9. HP: 62/81 MP: 5/8
  5864 | D:7      | Reached *** piety under Okawaru
  5892 | D:7      | Reached skill level 9 in Polearms
  5968 | D:7      | Found a runed door.
  6173 | D:7      | Found a staircase to the Ecumenical Temple.
  6179 | Temple   | Entered the Ecumenical Temple
  6420 | D:7      | Noticed Crazy Yiuf
  6430 | D:7      | Killed Crazy Yiuf
  6624 | D:8      | Noticed Gastronok
  6640 | D:8      | Killed Gastronok
  6640 | D:8      | Reached **** piety under Okawaru
  6640 | D:8      | Reached ***** piety under Okawaru
  6640 | D:8      | Reached skill level 10 in Polearms
  6640 | D:8      | Reached XP level 10. HP: 49/91 MP: 9/9
  6897 | D:8      | Found a staircase to the Lair.
  7219 | D:8      | Found a stormy altar of Qazlal.
  7628 | D:9      | Found a staircase to the Orcish Mines.
  7679 | D:9      | Reached skill level 11 in Polearms
  7690 | D:9      | Noticed a cyclops
  7696 | D:9      | Noticed a centaur warrior
  8186 | D:9      | Killed a centaur warrior
  8186 | D:9      | Reached skill level 10 in Fighting
  8186 | D:9      | Reached skill level 1 in Invocations
  8435 | D:9      | Killed a cyclops
  8435 | D:9      | Received a gift from Okawaru
  8435 | D:9      | Reached XP level 11. HP: 66/100 MP: 11/11
  8680 | D:9      | Noticed a two-headed ogre
  8688 | D:9      | Killed a two-headed ogre
  8722 | D:9      | Noticed an ice dragon
  8722 | D:9      | Noticed a fire dragon
  8722 | D:9      | Noticed a fire dragon
  8723 | D:9      | Noticed an ice dragon
  8725 | D:9      | Found a runed door.
  8725 | D:9      | Found a runed door.
  8726 | D:9      | Found the +2 shield of Resistance {rF+ rC+ MR+}
  8760 | D:9      | Found a snail-covered altar of Cheibriados.
  9053 | D:9      | Got a scorched glass ring
  9055 | D:9      | Identified the ring "Soheihas" {AC+1 Int+3} (You found it
                  | on level 9 of the Dungeon)
  9271 | D:10     | Entered Level 10 of the Dungeon
  9589 | D:10     | Noticed Harold
  9606 | D:10     | Killed Harold
  9608 | D:10     | Noticed Grum
  9618 | D:10     | Killed Grum
  9913 | D:10     | Found a basalt altar of Yredelemnul.
  9913 | D:10     | Noticed a great orb of eyes
  9913 | D:10     | Paralysed by a great orb of eyes for 4 turns
  9919 | D:10     | Noticed a great orb of eyes
  9934 | D:10     | Noticed a centaur warrior
  9941 | D:10     | Found a basalt altar of Yredelemnul.
  9950 | D:10     | Paralysed by a great orb of eyes for 6 turns
  9952 | D:10     | Slain by a great orb of eyes

Skill      XL: |  1  2  3  4  5  6  7  8  9 10 11 |
---------------+----------------------------------+-----
Fighting       | 4 5 6 8 9 10 | 10.7
Shields        | 4 5 6 7 8 |  8.3
Dodging        | 1 2 3 4 5 7 8 |  8.3
Armour         | 4 5 7 8 9 |  9.3
Polearms       | 3 4 5 6 8 10 11 | 11.7
Throwing       | 1 2 |  2.1
Invocations    | 1 3 |  3.1

Action                   |  1- 3 |  4- 6 |  7- 9 | 10-12 || total
-------------------------+-------+-------+-------+-------++-------
Melee: Trident           |   118 |   128 |   355 |   293 ||   894
       Headbutt          |    12 |    20 |    68 |    71 ||   171
Throw: Tomahawk          |       |       |     8 |    17 ||    25
Invok: Heroism           |       |       |     1 |     1 ||     2
  Use: Scroll            |       |     2 |     9 |     1 ||    12
       Potion            |       |     1 |     3 |     7 ||    11
  Eat: Chunk             |       |     7 |     9 |     7 ||    23
       Ration            |       |       |     1 |     1 ||     2
Armor: Scale mail        |    41 |    24 |    36 |       ||   101
       Chain mail        |       |       |    63 |    81 ||   144
Dodge: Dodged            |    26 |    25 |    82 |    70 ||   203
Block: Shield            |    42 |    30 |   131 |    86 ||   289
